cohdb
Replays
Latest Replays
All Replays
Popular Replays
Top Player Replays
Match Explorer
How It Works
Community
CoH3 Stats
Reddit
Sign in to upload your games and track your stats! →
Sign in with Steam
Match 42435224
Unlisted
Match 42435224
Overview
Messages
Build Orders
End
Scout Squad
Construct Weapon Support Center
M1919 Machine Gun Team
M1919 Machine Gun Team
Selects Heavy Weapons
Sniper
Construct Medical Station
Selects M2HB .50cal Heavy Machine Gun
Selects Assault Carriers
Air Support Center
Construct Barracks
M3 Assault Carrier
M3 Assault Carrier
Construct Motor Pool
M1 Anti-tank Gun Team
M1 Anti-tank Gun Team
Riflemen Squad
M1918 Browning Automatic Rifles
Grasshopper Recon Run
~Ж-КРУЗ-Ж~
Sunblast
Tiger Mafia
Nashorn101
0
0
Comments
sign in to comment!
No comments posted yet!